| TOP OF THE 1ST |
|
Mississippi Braves batting - Pitching for Springfield Cardinals : RHP Mike Tallerico
|
|
Pitching: RHP Mike Tallerico
|
|
|
Batting: LHB Sal Fernandez
|
0-0: Ball 1-0: Ball 2-0: Called Strike 2-1: Foul Ball, location: 2F 2-2: SINGLE (Line Drive, 34D, EV 102.5 MPH)
|
|
Batting: RHB Paul Landes
|
0-0: Foul Ball, location: 2F 0-1: Fielders Choice at 2nd, 6-4 (Groundball, 6MS, EV 85.0 MPH)
|
|
Batting: RHB Eddie McCoy
|
0-0: Called Strike 0-1: Called Strike 0-2: Foul Ball, location: 2F 0-2: Ball 1-2: SINGLE (Groundball, 6MD, EV 103.8 MPH) Paul Landes to second
|
|
Batting: RHB Luis Restrepo
|
0-0: Ball 1-0: Swinging Strike 1-1: Ball 2-1: Ball 3-1: Fly out, F7 (Flyball, 78M, EV 90.6 MPH)
|
|
Batting: RHB Hieronim Rutkowski
|
0-0: Foul Ball, location: 2F 0-1: Foul Ball, location: 2F 0-2: Foul Ball, location: 2F 0-2: Strikes out looking
|
| Top of the 1st over - 0 runs, 2 hits, 0 errors, 2 left on base; Mississippi 0 - Springfield 0 |
| BOTTOM OF THE 1ST |
|
Springfield Cardinals batting - Pitching for Mississippi Braves : RHP Thomas Crowner
|
|
Pitching: RHP Thomas Crowner
|
|
|
Batting: RHB Fortunato Fteira
|
0-0: Ball 1-0: SINGLE (Line Drive, 34D, EV 98.8 MPH)
|
|
Batting: LHB Angelo Vasquez
|
0-0: Foul Ball, location: 2F 0-1: Ball Fortunato Fteira steals 2nd base 1-1: SINGLE (Line Drive, 8LS, EV 90.6 MPH) Fortunato Fteira to third Runner from 3rd tries for Home, SAFE, throw by CF to home
|
|
Batting: LHB Travis Ruppel
|
0-0: Ball 1-0: Ball 2-0: Called Strike 2-1: Fielders Choice at 2nd, 4-6 (Groundball, 34, EV 92.5 MPH)
|
|
Batting: RHB Pablo Nunez
|
0-0: Foul Ball, location: 2F 0-1: Ball 1-1: Foul Ball, location: 2F 1-2: Ball 2-2: Strikes out swinging
|
|
Batting: RHB Immel Kamuzu
|
0-0: Ball 1-0: Ball 2-0: Ball 3-0: Base on Balls Travis Ruppel to second
|
|
Batting: RHB Jose Ramos
|
0-0: SINGLE (Groundball, 34D, EV 101.9 MPH) Travis Ruppel to third Immel Kamuzu to second Runner from 3rd tries for Home, SAFE, throw by RF to home
|
|
Batting: RHB Tommy Boudreaux
|
0-0: Called Strike 0-1: Ball 1-1: SINGLE (Groundball, 6MD, EV 109.4 MPH) Immel Kamuzu to third Jose Ramos to second Runner from 3rd tries for Home, throw by CF and OUT! 8-2
|
| Bottom of the 1st over - 2 runs, 4 hits, 0 errors, 2 left on base; Mississippi 0 - Springfield 2 |
| TOP OF THE 2ND |
|
Mississippi Braves batting - Pitching for Springfield Cardinals : RHP Mike Tallerico
|
|
Batting: SHB Jose Melendez
|
0-0: Ball 1-0: SINGLE (Groundball, 56D, EV 105.6 MPH) (infield hit)
|
|
Batting: RHB Tim Molchan
|
0-0: Called Strike 0-1: Swinging Strike 0-2: Fielders Choice at 2nd, 5-4 (Groundball, 56S, EV 76.9 MPH)
|
|
Batting: LHB Luis Cruz
|
0-0: Called Strike 0-1: Ball 1-1: Fielders Choice at 2nd, 2-4 (Groundball, 15S, EV 68.1 MPH)
|
|
Batting: RHB Gerard Michel
|
0-0: Called Strike Luis Cruz is caught stealing 2nd base 2-4
|
| Top of the 2nd over - 0 runs, 1 hit, 0 errors, 0 left on base; Mississippi 0 - Springfield 2 |
| BOTTOM OF THE 2ND |
|
Springfield Cardinals batting - Pitching for Mississippi Braves : RHP Thomas Crowner
|
|
Batting: RHB Kalidas Mishra
|
0-0: Ball 1-0: Ball 2-0: SINGLE (Groundball, 6MD, EV 97.5 MPH)
|
|
Batting: RHB Juan Martinez
|
0-0: Called Strike Kalidas Mishra steals 2nd base 0-1: Called Strike 0-2: Foul Ball, location: 2F 0-2: Ball 1-2: Ground out U3 (Groundball, 34S, EV 76.2 MPH) Kalidas Mishra to third
|
|
Batting: RHB Fortunato Fteira
|
0-0: Called Strike 0-1: Foul Ball, location: 2F 0-2: Foul Ball, location: 2F 0-2: Ball 1-2: SINGLE (Flyball, 9LS, EV 95.6 MPH) Kalidas Mishra scores
|
|
Batting: LHB Angelo Vasquez
|
0-0: Called Strike Fortunato Fteira steals 2nd base (no throw) 0-1: Ball 1-1: Foul Ball, location: 2F 1-2: Ball 2-2: Strikes out swinging
|
|
Batting: LHB Travis Ruppel
|
0-0: Ball 1-0: Foul Ball, location: 2F 1-1: Ball 2-1: Swinging Strike 2-2: Fly out, F7 (Flyball, 7LM, EV 100.6 MPH)
|
| Bottom of the 2nd over - 1 run, 2 hits, 0 errors, 1 left on base; Mississippi 0 - Springfield 3 |
| TOP OF THE 3RD |
|
Mississippi Braves batting - Pitching for Springfield Cardinals : RHP Mike Tallerico
|
|
Batting: RHB Gerard Michel
|
0-0: Ball 1-0: Swinging Strike 1-1: Ground out 3-1 (Groundball, 34, EV 86.2 MPH)
|
|
Batting: LHB Sal Fernandez
|
0-0: Ball 1-0: Ball 2-0: Swinging Strike 2-1: Foul Ball, location: 2F 2-2: Ground out 4-3 (Groundball, 4, EV 81.2 MPH)
|
|
Batting: RHB Paul Landes
|
0-0: Called Strike 0-1: Ball 1-1: Foul Ball, location: 2F 1-2: Strikes out swinging
|
| Top of the 3rd over - 0 runs, 0 hits, 0 errors, 0 left on base; Mississippi 0 - Springfield 3 |
| BOTTOM OF THE 3RD |
|
Springfield Cardinals batting - Pitching for Mississippi Braves : RHP Thomas Crowner
|
|
Batting: RHB Pablo Nunez
|
0-0: Ball 1-0: Ball 2-0: Fly out, F8 (Line Drive, 89S, EV 89.4 MPH)
|
|
Batting: RHB Immel Kamuzu
|
0-0: Ball 1-0: Called Strike 1-1: Foul Ball, location: 2F 1-2: Ball 2-2: Ball 3-2: Base on Balls
|
|
Batting: RHB Jose Ramos
|
0-0: Ball 1-0: Foul Ball, location: 2F 1-1: Foul Ball, location: 2F 1-2: SINGLE (Line Drive, 56D, EV 104.4 MPH) Immel Kamuzu to second
|
|
Batting: RHB Tommy Boudreaux
|
0-0: Ball 1-0: Ball 2-0: Called Strike 2-1: Swinging Strike 2-2: Strikes out looking
|
|
Batting: RHB Kalidas Mishra
|
0-0: Ball 1-0: SINGLE (Groundball, 34D, EV 111.9 MPH) Immel Kamuzu to third Jose Ramos to second Runner from 3rd tries for Home, SAFE, throw by RF to home
|
|
Batting: RHB Juan Martinez
|
0-0: Ball 1-0: Called Strike 1-1: SINGLE (Groundball, 4S, EV 70.6 MPH) (infield hit) Jose Ramos to third Kalidas Mishra to second
|
|
Batting: RHB Fortunato Fteira
|
0-0: Fielders Choice at 2nd, 6-4 (Groundball, 6, EV 88.1 MPH)
|
| Bottom of the 3rd over - 1 run, 3 hits, 0 errors, 3 left on base; Mississippi 0 - Springfield 4 |
| TOP OF THE 4TH |
|
Mississippi Braves batting - Pitching for Springfield Cardinals : RHP Mike Tallerico
|
|
Batting: RHB Eddie McCoy
|
0-0: Called Strike 0-1: Called Strike 0-2: Foul Ball, location: 2F 0-2: SINGLE (Line Drive, 78S, EV 101.2 MPH)
|
|
Batting: RHB Luis Restrepo
|
0-0: Ball 1-0: 2-RUN HOME RUN (Flyball, 7LD, EV 94.4 MPH), Distance : 334 ft
|
|
Batting: RHB Hieronim Rutkowski
|
0-0: Fly out, F9 (Flyball, 89M, EV 96.9 MPH)
|
|
Batting: SHB Jose Melendez
|
0-0: Ball 1-0: Foul Ball, location: 2F 1-1: Fly out, F8 (Flyball, 89D, EV 91.2 MPH)
|
|
Batting: RHB Tim Molchan
|
0-0: Fly out, F7 (Flyball, 7D, EV 93.8 MPH)
|
| Top of the 4th over - 2 runs, 2 hits, 0 errors, 0 left on base; Mississippi 2 - Springfield 4 |
| BOTTOM OF THE 4TH |
|
Springfield Cardinals batting - Pitching for Mississippi Braves : RHP Thomas Crowner
|
|
Batting: LHB Angelo Vasquez
|
0-0: Ball 1-0: Foul Ball, location: 2F 1-1: DOUBLE (Line Drive, 78D, EV 110.0 MPH)
|
|
Batting: LHB Travis Ruppel
|
0-0: Ball 1-0: Foul Ball, location: 2F 1-1: Ball 2-1: Called Strike 2-2: Foul Ball, location: 2F 2-2: Strikes out looking
|
|
Batting: RHB Pablo Nunez
|
0-0: Called Strike 0-1: Called Strike 0-2: Ball 1-2: Ball 2-2: Foul Ball, location: 2F 2-2: Fly out, F8 (Line Drive, 8LM, EV 96.2 MPH)
|
|
Batting: RHB Immel Kamuzu
|
0-0: Ball 1-0: DOUBLE (Groundball, 5L, EV 107.5 MPH) Angelo Vasquez scores
|
|
Pitching: RHP Justin Collins
|
|
|
Batting: RHB Jose Ramos
|
0-0: Ball 1-0: DOUBLE (Flyball, 78D, EV 101.2 MPH) Immel Kamuzu scores
|
|
Batting: RHB Tommy Boudreaux
|
0-0: Called Strike 0-1: Fly out, F9 (Flyball, 89M, EV 96.2 MPH)
|
| Bottom of the 4th over - 2 runs, 3 hits, 0 errors, 1 left on base; Mississippi 2 - Springfield 6 |
| TOP OF THE 5TH |
|
Mississippi Braves batting - Pitching for Springfield Cardinals : RHP Mike Tallerico
|
|
Batting: LHB Luis Cruz
|
0-0: Called Strike 0-1: Called Strike 0-2: Ball 1-2: SINGLE (Groundball, 4MD, EV 103.1 MPH)
|
|
Batting: RHB Gerard Michel
|
0-0: Ball 1-0: Called Strike 1-1: Ball 2-1: Ball 3-1: Base on Balls Luis Cruz to second
|
|
Batting: LHB Sal Fernandez
|
0-0: Ball 1-0: Ball 2-0: Called Strike 2-1: Foul Ball, location: 2F 2-2: Ball 3-2: Reached via error on a dropped throw from P, E6 (Groundball, 34S, EV 71.2 MPH) Luis Cruz to third Gerard Michel to second
|
|
Batting: RHB Paul Landes
|
0-0: Called Strike 0-1: Grounds into fielders choice 3-2 (Groundball, 3, EV 84.4 MPH) Gerard Michel to third Sal Fernandez to second
|
|
Batting: RHB Eddie McCoy
|
0-0: Called Strike 0-1: Ball 1-1: Foul Ball, location: 2F 1-2: Ball 2-2: Ball 3-2: Grounds into fielders choice 4-2 (Groundball, 13, EV 86.9 MPH) Sal Fernandez to third Paul Landes to second
|
|
Batting: RHB Luis Restrepo
|
0-0: Ball 1-0: Foul Ball, location: 2F 1-1: Swinging Strike 1-2: Foul Ball, location: 2F 1-2: Ball 2-2: Fly out, F3 (Popup, 3F, EV 67.5 MPH)
|
| Top of the 5th over - 0 runs, 1 hit, 1 error, 3 left on base; Mississippi 2 - Springfield 6 |
| BOTTOM OF THE 5TH |
|
Springfield Cardinals batting - Pitching for Mississippi Braves : RHP Justin Collins
|
|
Batting: RHB Kalidas Mishra
|
0-0: Ball 1-0: Called Strike 1-1: Ball 2-1: Ball 3-1: Called Strike 3-2: SINGLE (Line Drive, 9S, EV 101.9 MPH)
|
|
Batting: RHB Juan Martinez
|
0-0: Foul Ball, location: 2F 0-1: Called Strike Kalidas Mishra is caught stealing 2nd base 2-4 0-2: Ball 1-2: Ball 2-2: Ground out 6-3 (Groundball, 6S, EV 74.4 MPH)
|
|
Batting: RHB Fortunato Fteira
|
0-0: Swinging Strike 0-1: Ball 1-1: Ball 2-1: Ground out 5-3 (Groundball, 56, EV 85.6 MPH)
|
| Bottom of the 5th over - 0 runs, 1 hit, 0 errors, 0 left on base; Mississippi 2 - Springfield 6 |
| TOP OF THE 6TH |
|
Mississippi Braves batting - Pitching for Springfield Cardinals : RHP Mike Tallerico
|
|
Batting: RHB Hieronim Rutkowski
|
0-0: Called Strike 0-1: Foul Ball, location: 2F 0-2: Fly out, F6 (Popup, 6S, EV 68.8 MPH)
|
|
Batting: SHB Jose Melendez
|
0-0: Called Strike 0-1: Ball 1-1: Swinging Strike 1-2: Ground out 1-3 (Groundball, 13, EV 68.8 MPH)
|
|
Batting: RHB Tim Molchan
|
0-0: Ball 1-0: Ground out 3-1 (Groundball, 34S, EV 83.1 MPH)
|
| Top of the 6th over - 0 runs, 0 hits, 0 errors, 0 left on base; Mississippi 2 - Springfield 6 |
| BOTTOM OF THE 6TH |
|
Springfield Cardinals batting - Pitching for Mississippi Braves : RHP Justin Collins
|
|
Batting: LHB Angelo Vasquez
|
0-0: Ball 1-0: Ball 2-0: Ball 3-0: Called Strike 3-1: Fly out, F6 (Popup, 15, EV 88.8 MPH)
|
|
Batting: LHB Travis Ruppel
|
0-0: Called Strike 0-1: Called Strike 0-2: Fly out, F8 (Flyball, 8RD, EV 103.1 MPH)
|
|
Batting: RHB Pablo Nunez
|
0-0: Called Strike 0-1: Foul Ball, location: 2F 0-2: Ball 1-2: Strikes out swinging
|
| Bottom of the 6th over - 0 runs, 0 hits, 0 errors, 0 left on base; Mississippi 2 - Springfield 6 |
| TOP OF THE 7TH |
|
Mississippi Braves batting - Pitching for Springfield Cardinals : RHP Mike Tallerico
|
|
Batting: LHB Luis Cruz
|
0-0: Called Strike 0-1: Ball 1-1: Swinging Strike 1-2: Fly out, F7 (Flyball, 7D, EV 106.9 MPH)
|
|
Batting: RHB Gerard Michel
|
0-0: Ground out 5-3 (Groundball, 56, EV 106.2 MPH)
|
|
Batting: LHB Sal Fernandez
|
0-0: Called Strike 0-1: Ground out 4-3 (Groundball, 4, EV 78.8 MPH)
|
| Top of the 7th over - 0 runs, 0 hits, 0 errors, 0 left on base; Mississippi 2 - Springfield 6 |
| BOTTOM OF THE 7TH |
|
Springfield Cardinals batting - Pitching for Mississippi Braves : RHP Justin Collins
|
|
Pitching: RHP Andy Britton
|
|
|
Batting: RHB Immel Kamuzu
|
0-0: Ball 1-0: Ball 2-0: Ball 3-0: Called Strike 3-1: Called Strike 3-2: Foul Ball, location: 2F 3-2: Foul Ball, location: 2F 3-2: Foul Ball, location: 2F 3-2: SINGLE (Groundball, 56D, EV 101.9 MPH)
|
|
Batting: RHB Jose Ramos
|
0-0: Ball 1-0: Ball 2-0: Ball 3-0: Base on Balls Immel Kamuzu to second
|
|
Batting: RHB Tommy Boudreaux
|
0-0: Bunted foul 0-1: Bunted foul 0-2: Ball 1-2: Grounds into double play, 5-4-3 (Groundball, 5, EV 102.5 MPH) Immel Kamuzu to third
|
|
Batting: RHB Kalidas Mishra
|
0-0: Called Strike 0-1: Swinging Strike 0-2: Ball 1-2: Ball 2-2: Ball 3-2: Strikes out swinging
|
| Bottom of the 7th over - 0 runs, 1 hit, 0 errors, 1 left on base; Mississippi 2 - Springfield 6 |
| TOP OF THE 8TH |
|
Mississippi Braves batting - Pitching for Springfield Cardinals : RHP Mike Tallerico
|
|
Pitching: RHP Branden Maynard
|
|
|
Batting: RHB Paul Landes
|
0-0: Ground out 5-3 (Groundball, 56S, EV 70.6 MPH)
|
|
Batting: RHB Eddie McCoy
|
0-0: Ball 1-0: Called Strike 1-1: Ball 2-1: Swinging Strike 2-2: Strikes out swinging
|
|
Batting: RHB Luis Restrepo
|
0-0: Ball 1-0: Ball 2-0: Ball 3-0: Called Strike 3-1: SINGLE (Groundball, 6MD, EV 98.8 MPH)
|
|
Batting: RHB Hieronim Rutkowski
|
0-0: Called Strike 0-1: Foul Ball, location: 2F 0-2: Ball 1-2: Ball 2-2: Ball 3-2: Fly out, F7 (Flyball, 7, EV 96.9 MPH)
|
| Top of the 8th over - 0 runs, 1 hit, 0 errors, 1 left on base; Mississippi 2 - Springfield 6 |
| BOTTOM OF THE 8TH |
|
Springfield Cardinals batting - Pitching for Mississippi Braves : RHP Andy Britton
|
|
Pitching: RHP Rashid bin Ala'
|
|
|
Batting: RHB Juan Martinez
|
0-0: Reached on error, E5 (Groundball, 56S, EV 81.9 MPH)
|
|
Batting: RHB Fortunato Fteira
|
0-0: Called Strike 0-1: Ball 1-1: Foul Ball, location: 2F 1-2: Ball Juan Martinez is caught stealing 2nd base 2-4 2-2: Ball 3-2: Ground out 6-3 (Groundball, 6, EV 94.4 MPH)
|
|
Batting: LHB Angelo Vasquez
|
0-0: Ball 1-0: Fly out, F8 (Line Drive, 8RM, EV 103.8 MPH)
|
| Bottom of the 8th over - 0 runs, 0 hits, 1 error, 0 left on base; Mississippi 2 - Springfield 6 |
| TOP OF THE 9TH |
|
Mississippi Braves batting - Pitching for Springfield Cardinals : RHP Branden Maynard
|
|
Batting: SHB Jose Melendez
|
0-0: Foul Ball, location: 2F 0-1: Swinging Strike 0-2: Hit by Pitch
|
|
Batting: RHB Tim Molchan
|
0-0: Ball 1-0: Ball 2-0: Called Strike 2-1: Fly out, F9 (Flyball, 9D, EV 100.0 MPH)
|
|
Batting: LHB Luis Cruz
|
0-0: Called Strike 0-1: Called Strike 0-2: Strikes out swinging
|
|
Batting: RHB Gerard Michel
|
0-0: Swinging Strike 0-1: Ball 1-1: Fielders Choice at 2nd, 6-4 (Groundball, 6, EV 87.5 MPH)
|
| Top of the 9th over - 0 runs, 0 hits, 0 errors, 1 left on base; Mississippi 2 - Springfield 6 |
|